 Dungeon Crawl Stone Soup version 0.18-a0-1623-gee9a706 (webtiles) character file.

60 Demise101 the Cudgeler (level 3, 0/34 HPs)
             Began as a Minotaur Abyssal Knight on Mar 23, 2016.
             Was a Believer of Lugonu.
             Slain by an orc wizard
             ... wielding a +0 dagger
              (3 damage)
             ... on level 1 of the Dungeon.
             The game lasted 00:01:35 (1226 turns).

Demise101 the Cudgeler (Minotaur Abyssal Knight)    Turns: 1226, Time: 00:01:35

Health: 0/34       AC:  3    Str: 16    XL:     3   Next: 80%
Magic:  3/3        EV: 11    Int:  9    God:    Lugonu [**....]
Gold:   19         SH:  0    Dex: 10    Spells: 0 memorised, 2 levels left

rFire  . . .     SeeInvis .     a - +1 mace
rCold  . . .     Gourm    .     b - +0 leather armour
rNeg   . . .     Faith    .     (no shield)
rPois  .         Spirit   .     (helmet restricted)
rElec  .         Dismiss  .     (no cloak)
rCorr  .         Reflect  +     (no gloves)
SustAt .         Harm     .     (no boots)
MR     .....                    d - +4 amulet of reflection
Stlth  ..........               (no ring)
                                (no ring)

@: confused, exhausted, slowed, very slow, not resistant to hostile
enchantments, extremely unstealthy
A: retaliatory headbutt, horns 2
a: Depart the Abyss, Bend Space, Renounce Religion


You were on level 1 of the Dungeon.
You worshipped Lugonu.
Lugonu was pleased with you.
You were hungry.

You visited 1 branch of the dungeon, and saw 1 of its levels.
You visited the Abyss 1 time.

You collected 19 gold pieces.

Inventory:

Hand Weapons
 a - a +1 mace (weapon)
 f - a +1 dagger of venom
Armour
 b - a +0 leather armour (worn)
Jewellery
 d - a +4 amulet of reflection (around neck)
Scrolls
 h - a scroll of identify
Comestibles
 c - 2 bread rations
 i - a chunk of flesh


   Skills:
 + Level 4.3 Fighting
 * Level 4.4 Maces & Flails
 - Level 2.4 Armour
 - Level 1.1 Dodging
 - Level 1.7 Invocations


You had 2 spell levels left.
You didn't know any spells.

Dungeon Overview and Level Annotations

Branches:
Dungeon (1/15)

Altars:


Innate Abilities, Weirdness & Mutations

You reflexively headbutt those who attack you in melee.
You have a pair of horns on your head.


Message History

* * * LOW HITPOINT WARNING * * *
You miss something. Something hits you but does no damage.
You hear some strange, mumbled words.
You are confused.
Unknown command.
You aren't carrying any potions.
Unknown command.
You're too confused!
Unknown command.
Eat one of 3 chunks of flesh? (ye/n/q/i?)
Okay, then.
Unknown command.
You miss something.
You hear some strange, mumbled words.
You are more confused.
Something hits you but does no damage.
Some of the chunks of flesh in your inventory have rotted away.
Unknown command.
Something hits you but does no damage. Something hits you.
You die...

.##.# #...##...##...#....# .##(#
...##...#####...##...## .##.#
...##.........##....#. ....## ..
###.....###....##. ###..# . ..
#######.....##.. #..## ..# #.
........#'#... ###...## ....#'#
.....####.....
.####..##.......#########.......#
.# #...####....@.)..........####
.# #.#....####..{).......#### #
.####.####....############# #
.#....# ####....>....######### #
.#.#### #####.###.##......# #
.#.##############.# #.##......# #
.#.#..............# #.##......# #
.#.#.############.# #.##......# #
.#.#...[#.....###.# #.##......###


There were no monsters in sight!

Vanquished Creatures
  An orc priest (D:1)
  A dart slug (D:1)
  A giant gecko (D:1)
  2 orcs (D:1)
  A giant cockroach (D:1)
  6 goblins (D:1)
  2 hobgoblins (D:1)
  A kobold (D:1)
  4 bats (D:1)
  3 rats (D:1)
22 creatures vanquished.

Notes
Turn   | Place    | Note
--------------------------------------------------------------
     0 | Abyss:1  | Demise101 the Minotaur Abyssal Knight began the quest for the Orb.
     0 | Abyss:1  | Reached XP level 1. HP: 19/19 MP: 1/1
    10 | D:1      | Escaped the Abyss
   246 | D:1      | Reached XP level 2. HP: 27/27 MP: 2/2
  1024 | D:1      | Reached ** piety under Lugonu
  1212 | D:1      | Reached XP level 3. HP: 31/34 MP: 3/3
  1226 | D:1      | Slain by an orc wizard

Vault maps used:
D:1:      dpeg_arrival_circle_labyrinth_a

Skill      XL: |  1  2 |
---------------+-------+-----
Maces & Flails | 3 4 |  4.4
Fighting       | 4 |  4.3
Armour         | |  2.4
Dodging        | |  1.1
Invocations    | |  1.7

Action                   || total
-------------------------++-------
Melee: Mace              ||    47
  Use: Scroll            ||     2
       Potion            ||     1
  Eat: Chunk             ||     1
